[ AOE2 MATCH · #477572853 ]
Team RMBulgarians vs Byzantines
[ REPLAY ANALYSIS · EXTRACTED FROM THE RECORDED GAME ]
Feudal
13:34
Castle
25:22
Imperial
48:41
| APM avg | 14.1 |
| APM peak | 37 |
| eAPM avg | 12.1 |
| Villagers / military | 108 / 239 |
Focus
⚔️ 33.3% · 🌾 66.7%
Militia ×90 · Konnik ×65 · Spearman ×39 · Trade Cart ×23 · Monk ×21 · Mangonel ×13
Feudal
13:56
Castle
18:46
Imperial
32:48
| APM avg | 28.8 |
| APM peak | 166 |
| eAPM avg | 24.0 |
| Villagers / military | 391 / 498 |
Focus
⚔️ 20.9% · 🌾 79.1%
Spearman ×175 · Hussite Wagon ×95 · Monk ×81 · Hand Cannoneer ×61 · Skirmisher ×35 · Bombard Cannon ×25
Feudal
12:59
Castle
16:30
Imperial
29:33
| APM avg | 30.5 |
| APM peak | 139 |
| eAPM avg | 20.7 |
| Villagers / military | 135 / 438 |
Focus
⚔️ 34.3% · 🌾 65.7%
Spearman ×216 · Scout Cavalry ×171 · War Elephant ×17 · Knight ×13 · Mangonel ×9 · Bombard Cannon ×6
Feudal
12:16
Castle
19:42
Imperial
30:07
| APM avg | 21.3 |
| APM peak | 49 |
| eAPM avg | 12.2 |
| Villagers / military | 142 / 222 |
Focus
⚔️ 23.6% · 🌾 76.4%
Skirmisher ×71 · Archer ×56 · Spearman ×45 · Cataphract ×15 · Militia ×10 · Bombard Cannon ×9
Match map
Resources at game start + every placement click. Thick line = wall · dashed box = detected house wall. 🟡 gold · ⚪ stone · 🟢 berries · 🔶 boar · ⭕ relic
Inputs per minute
— simirfan - - M.S.
Build order — simirfan
First 150 of 380 actions detected
| 0:02 | Research | Loom |
| 0:02 | Create | Villager (Male) ×4 |
| 0:04 | Build | House |
| 0:06 | Build | House |
| 0:20 | Build | Palisade Wall |
| 0:22 | Build | Palisade Wall |
| 0:25 | Build | Palisade Wall |
| 1:25 | Build | Building 800 |
| 2:13 | Build | Lumber Camp |
| 2:44 | Create | Villager (Male) |
| 3:24 | Build | Palisade Wall |
| 3:37 | Create | Villager (Male) ×2 |
| 4:27 | Create | Villager (Male) ×2 |
| 4:47 | Build | House |
| 5:21 | Create | Villager (Male) ×2 |
| 5:28 | Build | House |
| 5:56 | Create | Villager (Male) |
| 6:36 | Create | Villager (Male) ×2 |
| 6:45 | Build | House |
| 7:06 | Build | Mill |
| 7:15 | Create | Villager (Male) |
| 7:33 | Create | Villager (Male) |
| 8:21 | Create | Villager (Male) |
| 8:22 | Create | Villager (Male) |
| 8:40 | Build | Barracks |
| 8:53 | Create | Villager (Male) |
| 9:18 | Create | Villager (Male) |
| 9:25 | Build | Barracks |
| 10:03 | Create | Villager (Male) |
| 10:04 | Create | Villager (Male) |
| 10:04 | Create | Villager (Male) |
| 10:22 | Build | Mill |
| 10:46 | Build | Mining Camp |
| 11:24 | Research | Feudal Age |
| 11:31 | Build | House |
| 11:33 | Build | House |
| 12:20 | Create | Villager (Male) |
| 12:23 | Create | Militia ×2 |
| 12:56 | Create | Villager (Male) |
| 13:13 | Create | Militia ×3 |
| 13:34 | Age | Feudal Age |
| 13:36 | Build | Blacksmith |
| 13:49 | Build | Watch Tower |
| 14:05 | Build | Building 490 |
| 14:11 | Build | Stone Wall |
| 14:18 | Build | Stone Wall |
| 14:30 | Research | Scale Mail Armor |
| 14:33 | Create | Villager (Male) |
| 15:15 | Build | Mill |
| 15:19 | Create | Villager (Male) |
| 15:19 | Create | Villager (Male) |
| 15:36 | Build | Market |
| 15:44 | Build | Farm |
| 15:50 | Research | Double-Bit Axe |
| 15:54 | Research | Gold Mining |
| 16:22 | Build | House |
| 16:23 | Build | House |
| 16:24 | Build | House |
| 16:26 | Build | House |
| 17:06 | Create | Villager (Male) |
| 17:06 | Create | Villager (Male) |
| 17:14 | Research | Horse Collar |
| 17:26 | Research | Forging |
| 18:14 | Build | Building 665 |
| 18:26 | Create | Villager (Male) |
| 18:26 | Create | Villager (Male) |
| 18:33 | Build | Farm |
| 18:33 | Build | Farm |
| 18:34 | Build | Farm |
| 18:34 | Build | Farm |
| 18:34 | Build | Farm |
| 18:34 | Build | Farm |
| 18:35 | Build | Farm |
| 18:35 | Build | Farm |
| 18:35 | Build | Farm |
| 18:35 | Build | Farm |
| 18:36 | Build | Farm |
| 18:36 | Build | Farm |
| 18:43 | Build | House |
| 18:45 | Build | House |
| 18:46 | Build | House |
| 19:12 | Research | Arson |
| 19:13 | Create | Militia ×4 |
| 19:34 | Create | Villager (Male) ×2 |
| 19:39 | Build | Farm |
| 19:39 | Build | Farm |
| 19:40 | Build | Farm |
| 19:40 | Build | Farm |
| 19:40 | Build | Farm |
| 19:41 | Build | Farm |
| 19:41 | Build | Farm |
| 19:59 | Build | Building 665 |
| 20:04 | Build | Stone Wall |
| 20:19 | Build | Mining Camp |
| 20:35 | Build | Farm |
| 20:40 | Build | Farm |
| 20:40 | Build | Farm |
| 20:40 | Build | Farm |
| 20:41 | Build | Farm |
| 20:41 | Build | Farm |
| 20:41 | Build | Farm |
| 20:41 | Build | Farm |
| 20:42 | Build | Farm |
| 20:42 | Build | Farm |
| 20:42 | Build | Farm |
| 20:43 | Build | Farm |
| 20:43 | Build | Farm |
| 20:44 | Build | Farm |
| 20:45 | Build | Farm |
| 20:45 | Build | Farm |
| 20:45 | Build | Farm |
| 20:46 | Build | Farm |
| 20:47 | Build | Farm |
| 20:47 | Build | Farm |
| 20:47 | Build | Farm |
| 20:48 | Build | Farm |
| 20:49 | Build | Farm |
| 20:49 | Build | Farm |
| 20:50 | Build | Farm |
| 20:53 | Create | Villager (Male) |
| 20:53 | Create | Villager (Male) |
| 21:09 | Build | Farm |
| 21:23 | Create | Trade Cart |
| 22:03 | Build | Building 673 |
| 22:09 | Build | Stone Wall |
| 22:42 | Research | Castle Age |
| 22:48 | Create | Spearman |
| 23:24 | Build | Building 673 |
| 23:30 | Build | Stone Wall |
| 23:33 | Build | Stone Wall |
| 23:50 | Create | Militia ×5 |
| 24:01 | Create | Trade Cart ×4 |
| 24:18 | Create | Militia ×4 |
| 24:36 | Build | House |
| 24:37 | Build | House |
| 24:38 | Build | House |
| 24:39 | Build | House |
| 24:46 | Create | Trade Cart |
| 24:53 | Create | Villager (Male) |
| 24:53 | Create | Villager (Male) |
| 24:53 | Create | Villager (Male) |
| 25:22 | Age | Castle Age |
| 25:36 | Build | Town Center |
| 25:47 | Create | Villager (Male) |
| 25:51 | Research | Stone Mining |
| 26:23 | Create | Villager (Male) |
| 26:39 | Research | Caravan |
| 26:50 | Build | Siege Workshop |
| 26:58 | Create | Villager (Male) |
| 26:58 | Create | Villager (Male) |
Build order — M.S.
First 150 of 716 actions detected
| 0:02 | Create | Villager (Male) |
| 0:02 | Create | Villager (Male) |
| 0:02 | Create | Villager (Male) |
| 0:02 | Create | Villager (Male) |
| 0:02 | Create | Villager (Male) |
| 0:02 | Create | Villager (Male) |
| 0:02 | Create | Villager (Male) |
| 0:02 | Create | Villager (Male) |
| 0:02 | Create | Villager (Male) |
| 0:02 | Create | Villager (Male) |
| 0:02 | Create | Villager (Male) |
| 0:02 | Create | Villager (Male) |
| 0:02 | Create | Villager (Male) |
| 0:02 | Create | Villager (Male) |
| 0:02 | Create | Villager (Male) |
| 0:02 | Create | Villager (Male) |
| 0:02 | Create | Villager (Male) |
| 0:03 | Create | Villager (Male) |
| 0:03 | Create | Villager (Male) |
| 0:03 | Create | Villager (Male) |
| 0:03 | Create | Villager (Male) |
| 0:03 | Create | Villager (Male) |
| 0:03 | Create | Villager (Male) |
| 0:03 | Create | Villager (Male) |
| 0:03 | Create | Villager (Male) |
| 0:03 | Create | Villager (Male) |
| 0:03 | Create | Villager (Male) |
| 0:03 | Create | Villager (Male) |
| 0:03 | Create | Villager (Male) |
| 0:03 | Create | Villager (Male) |
| 0:03 | Create | Villager (Male) |
| 0:03 | Create | Villager (Male) |
| 0:03 | Create | Villager (Male) |
| 0:03 | Create | Villager (Male) |
| 0:03 | Create | Villager (Male) |
| 0:03 | Create | Villager (Male) |
| 0:03 | Create | Villager (Male) |
| 0:03 | Create | Villager (Male) |
| 0:03 | Create | Villager (Male) |
| 0:03 | Create | Villager (Male) |
| 0:03 | Create | Villager (Male) |
| 0:03 | Create | Villager (Male) |
| 0:03 | Create | Villager (Male) |
| 0:03 | Create | Villager (Male) |
| 0:03 | Create | Villager (Male) |
| 0:03 | Create | Villager (Male) |
| 0:03 | Create | Villager (Male) |
| 0:03 | Create | Villager (Male) |
| 0:03 | Create | Villager (Male) |
| 0:05 | Build | House |
| 0:12 | Research | Loom |
| 0:13 | Create | Villager (Male) ×3 |
| 1:36 | Build | House |
| 1:37 | Build | House |
| 1:39 | Build | House |
| 1:45 | Build | Palisade Wall |
| 1:59 | Create | Villager (Male) |
| 2:37 | Create | Villager (Male) |
| 2:37 | Create | Villager (Male) |
| 3:12 | Build | Building 804 |
| 3:22 | Build | Palisade Wall |
| 3:46 | Create | Villager (Male) |
| 3:46 | Create | Villager (Male) |
| 3:46 | Create | Villager (Male) |
| 4:29 | Build | Palisade Wall |
| 4:36 | Create | Villager (Male) |
| 4:36 | Create | Villager (Male) |
| 4:36 | Create | Villager (Male) |
| 5:05 | Create | Villager (Male) |
| 5:05 | Create | Villager (Male) |
| 5:22 | Create | Villager (Male) |
| 5:23 | Create | Villager (Male) |
| 5:33 | Build | Mill |
| 5:37 | Create | Villager (Male) |
| 5:37 | Create | Villager (Male) |
| 6:18 | Create | Villager (Male) |
| 6:19 | Create | Villager (Male) |
| 6:41 | Create | Villager (Male) |
| 6:42 | Create | Villager (Male) |
| 6:45 | Create | Villager (Male) |
| 7:18 | Create | Villager (Male) |
| 7:31 | Create | Villager (Male) |
| 8:02 | Create | Villager (Male) |
| 8:02 | Create | Villager (Male) |
| 8:43 | Build | Mining Camp |
| 8:48 | Create | Villager (Male) |
| 8:49 | Create | Villager (Male) |
| 9:14 | Build | Lumber Camp |
| 9:29 | Create | Villager (Male) |
| 9:52 | Build | House |
| 9:53 | Build | House |
| 9:59 | Create | Villager (Male) |
| 9:59 | Create | Villager (Male) |
| 10:00 | Create | Villager (Male) |
| 10:00 | Create | Villager (Male) |
| 10:25 | Create | Villager (Male) |
| 11:21 | Create | Villager (Male) |
| 11:38 | Research | Feudal Age |
| 12:18 | Build | Mill |
| 12:42 | Build | Mill |
| 13:54 | Create | Villager (Male) |
| 13:55 | Create | Villager (Male) |
| 13:55 | Create | Villager (Male) |
| 13:56 | Age | Feudal Age |
| 14:16 | Build | Market |
| 14:21 | Build | Blacksmith |
| 14:29 | Create | Villager (Male) |
| 14:39 | Build | Stone Wall |
| 14:46 | Build | Stone Wall |
| 15:40 | Create | Villager (Male) |
| 16:06 | Research | Castle Age |
| 16:33 | Create | Trade Cart |
| 16:35 | Create | Trade Cart |
| 16:46 | Research | Double-Bit Axe |
| 17:05 | Build | Building 490 |
| 17:09 | Build | Stone Wall |
| 17:24 | Research | Horse Collar |
| 17:28 | Build | Farm |
| 17:28 | Build | Farm |
| 17:29 | Build | Farm |
| 17:29 | Build | Farm |
| 17:29 | Build | Farm |
| 17:29 | Build | Farm |
| 17:30 | Build | Farm |
| 17:30 | Build | Farm |
| 18:11 | Build | Farm |
| 18:11 | Build | Farm |
| 18:46 | Age | Castle Age |
| 18:52 | Build | Mining Camp |
| 18:55 | Create | Villager (Male) |
| 18:55 | Create | Villager (Male) |
| 18:59 | Research | Wheelbarrow |
| 19:03 | Build | House |
| 19:04 | Build | House |
| 19:06 | Build | House |
| 19:46 | Build | Town Center |
| 19:51 | Create | Villager (Male) |
| 19:51 | Create | Villager (Male) |
| 20:07 | Build | Building 673 |
| 20:11 | Build | Stone Wall |
| 20:20 | Research | Bow Saw |
| 20:22 | Research | Heavy Plow |
| 20:44 | Create | Villager (Male) |
| 21:06 | Create | Villager (Male) |
| 21:09 | Create | Villager (Male) |
| 21:09 | Create | Villager (Male) |
| 21:09 | Create | Villager (Male) |
| 21:14 | Build | House |
| 21:17 | Build | House |
| 21:18 | Build | House |
Build order — Zarapacabo
First 150 of 551 actions detected
| 0:01 | Create | Villager (Male) ×5 |
| 0:02 | Build | House |
| 0:04 | Build | House |
| 0:20 | Research | Loom |
| 0:50 | Build | Palisade Wall |
| 0:54 | Create | Villager (Male) ×4 |
| 1:55 | Create | Villager (Male) |
| 2:42 | Create | Villager (Male) |
| 3:13 | Create | Villager (Male) |
| 3:20 | Build | Lumber Camp |
| 3:32 | Build | Palisade Wall |
| 3:53 | Build | Palisade Wall |
| 4:20 | Build | Palisade Wall |
| 4:23 | Create | Villager (Male) |
| 4:34 | Create | Villager (Male) |
| 5:16 | Build | Lumber Camp |
| 5:18 | Create | Villager (Male) |
| 5:24 | Build | House |
| 5:40 | Create | Villager (Male) |
| 5:53 | Build | House |
| 5:58 | Create | Villager (Male) |
| 6:31 | Create | Villager (Male) |
| 6:45 | Build | Mill |
| 7:02 | Create | Villager (Male) |
| 7:03 | Create | Villager (Male) |
| 7:35 | Create | Villager (Male) |
| 8:03 | Create | Villager (Male) |
| 8:18 | Create | Villager (Male) |
| 8:44 | Build | Mining Camp |
| 8:55 | Create | Villager (Male) |
| 9:00 | Build | Mill |
| 9:04 | Build | House |
| 9:12 | Create | Villager (Male) |
| 9:50 | Create | Villager (Male) |
| 10:12 | Build | Farm |
| 10:18 | Create | Villager (Male) |
| 10:30 | Build | Farm |
| 10:55 | Research | Feudal Age |
| 11:54 | Create | Villager (Male) |
| 11:54 | Create | Villager (Male) |
| 12:59 | Age | Feudal Age |
| 13:02 | Build | Market |
| 13:09 | Build | Blacksmith |
| 13:26 | Build | Mining Camp |
| 14:05 | Research | Castle Age |
| 14:27 | Create | Villager (Male) |
| 14:32 | Research | Double-Bit Axe |
| 14:38 | Build | House |
| 14:47 | Build | House |
| 14:57 | Build | House |
| 15:03 | Build | House |
| 15:05 | Build | House |
| 15:08 | Build | House |
| 15:43 | Build | Building 490 |
| 15:45 | Build | Stone Wall |
| 15:46 | Build | Stone Wall |
| 15:55 | Research | Horse Collar |
| 16:03 | Build | Farm |
| 16:04 | Build | Farm |
| 16:30 | Age | Castle Age |
| 16:32 | Build | Town Center |
| 16:45 | Build | Town Center |
| 16:48 | Research | Bow Saw |
| 16:54 | Build | Farm |
| 16:57 | Build | Farm |
| 16:59 | Create | Villager (Male) |
| 17:17 | Build | Farm |
| 17:21 | Build | Farm |
| 17:28 | Create | Villager (Male) |
| 17:50 | Create | Villager (Male) |
| 17:58 | Build | Farm |
| 18:03 | Build | Farm |
| 18:06 | Create | Villager (Male) |
| 18:11 | Create | Villager (Male) |
| 18:14 | Build | Farm |
| 18:20 | Create | Villager (Male) |
| 18:22 | Create | Villager (Male) |
| 18:22 | Create | Villager (Male) |
| 18:33 | Build | Farm |
| 18:39 | Create | Villager (Male) |
| 18:46 | Build | Farm |
| 18:50 | Create | Villager (Male) |
| 18:57 | Create | Villager (Male) |
| 19:01 | Build | Farm |
| 19:07 | Create | Villager (Male) |
| 19:11 | Build | Farm |
| 19:20 | Create | Villager (Male) |
| 19:23 | Build | Farm |
| 19:27 | Create | Villager (Male) |
| 19:40 | Build | Farm |
| 19:41 | Create | Villager (Male) |
| 19:49 | Create | Villager (Male) |
| 19:52 | Build | Farm |
| 20:04 | Build | Farm |
| 20:05 | Create | Villager (Male) |
| 20:05 | Create | Villager (Male) |
| 20:07 | Create | Villager (Male) |
| 20:08 | Create | Villager (Male) |
| 20:13 | Build | Farm |
| 20:15 | Create | Villager (Male) |
| 20:22 | Build | Farm |
| 20:27 | Create | Villager (Male) |
| 20:35 | Create | Villager (Male) |
| 20:57 | Build | Building 673 |
| 21:00 | Build | Stone Wall |
| 21:03 | Research | Wheelbarrow |
| 21:03 | Create | Villager (Male) |
| 21:08 | Build | Farm |
| 21:09 | Build | Farm |
| 21:10 | Build | Farm |
| 21:13 | Build | Farm |
| 21:17 | Create | Villager (Male) |
| 21:17 | Create | Villager (Male) |
| 21:22 | Create | Villager (Male) |
| 21:31 | Build | Farm |
| 21:32 | Create | Villager (Male) |
| 21:53 | Research | Heavy Plow |
| 21:59 | Create | Villager (Male) |
| 21:59 | Create | Villager (Male) |
| 21:59 | Create | Villager (Male) |
| 22:05 | Build | Farm |
| 22:08 | Create | Villager (Male) |
| 22:20 | Create | Villager (Male) |
| 22:20 | Create | Villager (Male) |
| 22:36 | Build | Outpost |
| 22:40 | Create | Villager (Male) |
| 22:48 | Build | Outpost |
| 22:55 | Create | Villager (Male) |
| 22:56 | Create | Villager (Male) |
| 22:56 | Create | Villager (Male) |
| 22:59 | Research | Gold Mining |
| 23:00 | Research | Stone Mining |
| 23:03 | Create | Villager (Male) |
| 23:10 | Build | Farm |
| 23:13 | Build | Farm |
| 23:16 | Build | Farm |
| 23:17 | Build | Farm |
| 23:22 | Create | Villager (Male) |
| 23:22 | Create | Villager (Male) |
| 23:24 | Create | Villager (Male) |
| 23:24 | Create | Villager (Male) |
| 23:31 | Build | House |
| 23:34 | Create | Villager (Male) |
| 23:44 | Build | House |
| 23:45 | Build | House |
| 23:46 | Build | House |
| 23:47 | Build | House |
| 23:49 | Create | Villager (Male) |
| 23:49 | Create | Villager (Male) |
| 23:49 | Create | Villager (Male) |
Build order — BORAKMAN
First 150 of 398 actions detected
| 0:04 | Create | Villager (Male) |
| 0:04 | Create | Villager (Male) |
| 0:04 | Create | Villager (Male) |
| 0:06 | Build | House |
| 0:08 | Build | House |
| 0:41 | Create | Villager (Male) |
| 1:19 | Research | Loom |
| 1:56 | Create | Villager (Male) |
| 2:16 | Create | Villager (Male) |
| 2:33 | Create | Villager (Male) |
| 2:49 | Build | Lumber Camp |
| 3:07 | Build | Palisade Wall |
| 3:14 | Create | Villager (Male) |
| 3:28 | Create | Villager (Male) |
| 4:08 | Create | Villager (Male) |
| 4:17 | Create | Villager (Male) |
| 4:42 | Build | House |
| 4:48 | Build | House |
| 4:57 | Create | Villager (Male) |
| 5:37 | Create | Villager (Male) |
| 5:46 | Build | Mill |
| 5:57 | Build | Palisade Wall |
| 6:15 | Create | Villager (Male) |
| 6:15 | Create | Villager (Male) |
| 6:47 | Create | Villager (Male) |
| 7:35 | Create | Villager (Male) |
| 7:35 | Create | Villager (Male) |
| 8:01 | Build | Lumber Camp |
| 8:07 | Create | Villager (Male) |
| 9:10 | Build | Mining Camp |
| 9:11 | Create | Villager (Male) |
| 9:16 | Create | Villager (Male) |
| 10:06 | Research | Feudal Age |
| 10:50 | Build | Mill |
| 11:03 | Build | Farm |
| 11:06 | Build | Farm |
| 11:12 | Build | Farm |
| 11:43 | Build | House |
| 12:04 | Build | Farm |
| 12:16 | Age | Feudal Age |
| 12:20 | Build | Market |
| 12:25 | Build | Blacksmith |
| 12:27 | Create | Villager (Male) |
| 12:27 | Create | Villager (Male) |
| 12:41 | Build | Stone Wall |
| 12:52 | Research | Double-Bit Axe |
| 12:56 | Research | Horse Collar |
| 13:04 | Research | Wheelbarrow |
| 13:19 | Build | House |
| 13:21 | Build | House |
| 13:52 | Build | Mining Camp |
| 14:16 | Build | Stone Wall |
| 14:33 | Create | Villager (Male) |
| 14:59 | Create | Villager (Male) |
| 15:02 | Build | Farm |
| 15:22 | Create | Villager (Male) |
| 15:27 | Build | Farm |
| 15:36 | Build | Farm |
| 15:46 | Build | Farm |
| 15:53 | Create | Villager (Male) |
| 15:56 | Build | Farm |
| 16:05 | Build | Farm |
| 16:05 | Build | Farm |
| 16:10 | Build | Farm |
| 16:13 | Build | Farm |
| 16:32 | Create | Villager (Male) |
| 16:44 | Build | Watch Tower |
| 16:50 | Create | Villager (Male) |
| 17:02 | Research | Castle Age |
| 17:10 | Build | Farm |
| 17:10 | Build | Farm |
| 17:38 | Build | Stone Wall |
| 17:48 | Build | Building 665 |
| 18:03 | Create | Villager (Male) |
| 18:03 | Create | Villager (Male) |
| 18:29 | Build | House |
| 18:32 | Build | House |
| 18:35 | Build | House |
| 18:55 | Build | Watch Tower |
| 19:08 | Build | Stone Wall |
| 19:31 | Build | Stone Wall |
| 19:40 | Build | Stone Wall |
| 19:42 | Age | Castle Age |
| 19:53 | Create | Villager (Male) |
| 20:16 | Build | Town Center |
| 20:38 | Create | Villager (Male) |
| 20:47 | Research | Hand Cart |
| 21:18 | Build | Town Center |
| 21:53 | Create | Villager (Male) |
| 21:57 | Research | Fletching |
| 22:02 | Research | Padded Archer Armor |
| 22:03 | Research | Forging |
| 22:07 | Research | Heavy Plow |
| 22:21 | Build | Stone Wall |
| 22:25 | Build | Building 490 |
| 22:31 | Create | Villager (Male) |
| 22:33 | Create | Villager (Male) |
| 22:39 | Build | Farm |
| 22:40 | Create | Villager (Male) |
| 22:41 | Create | Villager (Male) |
| 22:42 | Create | Villager (Male) |
| 22:55 | Create | Villager (Male) |
| 23:03 | Build | University |
| 23:13 | Build | Lumber Camp |
| 23:20 | Create | Villager (Male) |
| 23:21 | Create | Villager (Male) |
| 23:22 | Create | Villager (Male) |
| 23:24 | Create | Villager (Male) |
| 23:25 | Create | Villager (Male) |
| 23:36 | Create | Villager (Male) |
| 23:37 | Create | Villager (Male) |
| 23:38 | Create | Villager (Male) |
| 23:57 | Build | Stone Wall |
| 23:59 | Build | Building 673 |
| 24:01 | Build | Stone Wall |
| 24:06 | Build | Stone Wall |
| 24:10 | Create | Villager (Male) |
| 24:14 | Build | Farm |
| 24:16 | Build | Farm |
| 24:34 | Build | Barracks |
| 24:37 | Build | Barracks |
| 24:38 | Create | Villager (Male) |
| 24:39 | Create | Villager (Male) |
| 24:39 | Create | Villager (Male) |
| 24:41 | Create | Villager (Male) |
| 24:41 | Create | Villager (Male) |
| 24:41 | Create | Villager (Male) |
| 24:42 | Create | Villager (Male) |
| 24:44 | Create | Villager (Male) |
| 24:45 | Create | Villager (Male) |
| 24:45 | Create | Villager (Male) |
| 25:07 | Research | Fortified Wall (upgrade) |
| 25:20 | Build | Monastery |
| 25:27 | Build | Farm |
| 25:27 | Build | Farm |
| 25:28 | Build | Farm |
| 25:51 | Create | Villager (Male) |
| 25:52 | Create | Villager (Male) |
| 25:53 | Create | Villager (Male) |
| 25:53 | Create | Villager (Male) |
| 26:13 | Create | Villager (Male) |
| 26:15 | Create | Monk |
| 26:45 | Build | Barracks |
| 26:48 | Build | Barracks |
| 26:50 | Create | Villager (Male) |
| 26:51 | Create | Villager (Male) |
| 26:54 | Build | House |
| 26:57 | Research | Imperial Age |
| 27:11 | Build | House |
| 27:13 | Build | House |
Match timeline
| 0:20 | simirfan · wall_segment Palisade Wall x4 |
| 0:22 | simirfan · wall_segment Palisade Wall x4 |
| 0:25 | simirfan · wall_segment Palisade Wall x8 |
| 0:50 | Zarapacabo · wall_segment Palisade Wall x11 |
| 1:45 | M.S. · wall_segment Palisade Wall x7 |
| 3:07 | BORAKMAN · wall_segment Palisade Wall x6 |
| 3:22 | M.S. · wall_segment Palisade Wall x5 |
| 3:24 | simirfan · wall_segment Palisade Wall x3 |
| 3:32 | Zarapacabo · wall_segment Palisade Wall x1 |
| 3:53 | Zarapacabo · wall_segment Palisade Wall x8 |
| 4:20 | Zarapacabo · wall_segment Palisade Wall x9 |
| 4:29 | M.S. · wall_segment Palisade Wall x8 |
| 5:57 | BORAKMAN · wall_segment Palisade Wall x9 |
| 8:40 | simirfan · first_building Barracks |
| 12:16 | BORAKMAN · age_up feudal |
| 12:41 | BORAKMAN · wall_segment Stone Wall x7 |
| 12:59 | Zarapacabo · age_up feudal |
| 13:34 | simirfan · age_up feudal |
| 13:56 | M.S. · age_up feudal |
| 14:11 | simirfan · wall_segment Stone Wall x3 |
| 14:16 | BORAKMAN · wall_segment Stone Wall x7 |
| 14:18 | simirfan · wall_segment Stone Wall x4 |
| 14:39 | M.S. · wall_segment Stone Wall x12 |
| 14:46 | M.S. · wall_segment Stone Wall x12 |
| 15:45 | Zarapacabo · wall_segment Stone Wall x1 |
| 15:46 | Zarapacabo · wall_segment Stone Wall x5 |
| 15:55 | M.S. · first_market_buy 100 food |
| 15:57 | M.S. · first_market_sell 100 wood |
| 16:30 | Zarapacabo · age_up castle |
| 17:00 | BORAKMAN · first_market_buy 100 food |
| 17:09 | M.S. · wall_segment Stone Wall x11 |
| 17:30 | Zarapacabo · first_market_buy 100 food |
| 17:38 | BORAKMAN · wall_segment Stone Wall x4 |
| 18:06 | simirfan · first_market_buy 100 stone |
| 18:46 | M.S. · age_up castle |
| 19:08 | BORAKMAN · wall_segment Stone Wall x2 |
| 19:31 | BORAKMAN · wall_segment Stone Wall x1 |
| 19:40 | BORAKMAN · wall_segment Stone Wall x1 |
| 19:42 | BORAKMAN · age_up castle |
| 20:04 | simirfan · wall_segment Stone Wall x4 |
| 20:11 | M.S. · wall_segment Stone Wall x13 |
| 21:00 | Zarapacabo · wall_segment Stone Wall x8 |
| 21:41 | M.S. · first_building Monastery |
| 22:09 | simirfan · wall_segment Stone Wall x3 |
| 22:21 | BORAKMAN · wall_segment Stone Wall x4 |
| 23:30 | simirfan · wall_segment Stone Wall x3 |
| 23:33 | simirfan · wall_segment Stone Wall x4 |
| 23:57 | BORAKMAN · wall_segment Stone Wall x3 |
| 24:01 | BORAKMAN · wall_segment Stone Wall x2 |
| 24:06 | BORAKMAN · wall_segment Stone Wall x9 |
| 24:34 | BORAKMAN · first_building Barracks |
| 24:38 | Zarapacabo · first_building Castle |
| 25:17 | simirfan · first_market_sell 100 wood |
| 25:20 | BORAKMAN · first_building Monastery |
| 25:22 | simirfan · age_up castle |
| 25:56 | Zarapacabo · first_building Barracks |
| 26:50 | simirfan · first_building Siege Workshop |
| 27:19 | Zarapacabo · first_building Stable |
| 28:12 | Zarapacabo · first_building Archery Range |
| 29:10 | BORAKMAN · first_building Archery Range |
| 29:33 | Zarapacabo · age_up imperial |
| 29:41 | M.S. · first_building Barracks |
| 30:07 | BORAKMAN · age_up imperial |
| 30:21 | M.S. · first_building Castle |
| 30:26 | simirfan · first_building Castle |
| 31:03 | Zarapacabo · first_building Siege Workshop |
| 31:11 | M.S. · first_building Siege Workshop |
| 31:42 | BORAKMAN · wall_segment Stone Wall x11 |
| 31:56 | BORAKMAN · first_building Siege Workshop |
| 32:48 | M.S. · age_up imperial |
| 34:57 | M.S. · first_building Archery Range |
| 37:08 | simirfan · first_building Monastery |
| 38:57 | Zarapacabo · wall_segment Stone Wall x3 |
| 38:58 | Zarapacabo · wall_segment Stone Wall x8 |
| 39:32 | simirfan · first_building Krepost |
| 42:01 | Zarapacabo · first_market_sell 100 wood |
| 42:31 | BORAKMAN · first_market_sell 500 wood |
| 44:06 | BORAKMAN · first_building Castle |
| 44:56 | M.S. · tribute_sent a jugador 2 |
| 44:56 | M.S. · tribute_sent a jugador 3 |
| 44:56 | M.S. · tribute_sent a jugador 4 |
| 45:46 | BORAKMAN · tribute_sent a jugador 1 |
| 45:46 | BORAKMAN · tribute_sent a jugador 2 |
| 45:46 | BORAKMAN · tribute_sent a jugador 3 |
| 45:53 | BORAKMAN · tribute_sent a jugador 1 |
| 45:53 | BORAKMAN · tribute_sent a jugador 2 |
| 45:53 | BORAKMAN · tribute_sent a jugador 3 |
| 48:41 | simirfan · age_up imperial |
| 49:55 | BORAKMAN · tribute_sent a jugador 1 |
| 49:55 | BORAKMAN · tribute_sent a jugador 2 |
| 49:55 | BORAKMAN · tribute_sent a jugador 3 |
| 54:37 | M.S. · tribute_sent a jugador 2 |
| 54:37 | M.S. · tribute_sent a jugador 3 |
| 54:37 | M.S. · tribute_sent a jugador 4 |
| 56:53 | Zarapacabo · resign |
[ AI ANALYSIS · 1 CREDIT ]
What really happened in this match?
Wolo.gg analyzes every decision: build order, eco, micro, common mistakes by bracket. Personalized analysis on WhatsApp or Discord in 30 seconds.
Civ guide
Bulgarians
Map guide
Black Forest
Perfil
simirfan